 Dungeon Crawl Stone Soup version 0.30-a0-1016-gfb0d676c02 (webtiles) character file.

Game seed: 18030722839569271181

95 Maxmaps the Ducker (level 4, 0/35 HPs)
             Began as a Demonspawn Monk on Apr 6, 2023.
             Killed from afar by Ijyb (19 damage)
             ... with a bolt of dispelling energy
             ... on level 4 of the Dungeon.
             The game lasted 00:04:01 (2421 turns).

Maxmaps the Ducker (Demonspawn Monk)                Turns: 2421, Time: 00:04:02

Health: 0/35       AC: 11    Str: 11    XL:     4   Next: 40%
Magic:  4/4        EV:  7    Int: 19    God:
Gold:   94         SH:  4    Dex: 16    Spells: 3/3 levels left

rFire   . . .      SeeInvis .      - Unarmed
rCold   . . .      Faith    .    (no shield)
rNeg    . . .      Spirit   .    d - +0 chain mail
rPois   .          Reflect  .    (no helmet)
rElec   .          Rampage  .    c - +0 cloak
rCorr   .                        p - +0 pair of gloves
Will    .....                    (no boots) Stlth
                                 (no amulet)
HPRegen 0.25/turn                e - +6 ring of intelligence
MPRegen 0.09/turn                (no ring)

@: no status effects
A: condensation shield, demonic magic 1
a: no special abilities


You were on level 4 of the Dungeon.
You visited 1 branch of the dungeon, and saw 4 of its levels.

You collected 94 gold pieces.

Inventory:

Armour
 c - a +0 cloak (worn)
 d - a +0 chain mail (worn)
 p - a +0 pair of gloves (worn)
Jewellery
 e - a +6 ring of intelligence (left hand)
Wands
 a - a wand of paralysis (1)
Scrolls
 n - a scroll of blinking
Potions
 b - a potion of ambrosia
 f - 2 potions of curing
 g - a potion of heal wounds
 h - a potion of berserk rage {unknown}
 k - a potion of degeneration
 l - a potion of might
 o - 2 potions of haste
 q - a potion of brilliance


   Skills:
 - Level 3.0 Fighting
 + Level 3.1 Armour
 - Level 3.3 Dodging
 - Level 1.7 Stealth
 - Level 2.6 Unarmed Combat


You had 3 spell levels left.
You didn't know any spells.
Your spell library contained the following spells:

 Spells                   Type           Power      Damage    Failure   Level
 Anguish                  Hex/Necr       0%         N/A       100%        4
 Blade Hands              Tmut           0%         N/A       100%        5
 Irradiate                Conj/Tmut      0%         3d11      100%        5
 Dragon Form              Tmut           0%         N/A       100%        7
 Enfeeble                 Hex            0%         N/A       100%        7


Dungeon Overview and Level Annotations

Branches:
Dungeon (4/15)
 Temple: D:4-7

Altars:
Cheibriados
Makhleb

Shops:
D:4 :

Annotations:
D:4 2 runed translucent doors, Ijyb


Innate Abilities, Weirdness & Mutations

A meltable shield of frost defends you. (SH +4)
Spells you cast may paralyse adjacent enemies.


Message History

Ijyb is heavily wounded.
You block Ijyb's attack.
You hit Ijyb but do no damage.
Ijyb is heavily wounded.
Ijyb zaps a wand.
The bolt of dispelling energy hits you!
* * * LOW HITPOINT WARNING * * *
You closely miss Ijyb.
Ijyb is heavily wounded.
Ijyb hits you but does no damage.
You feel much better. Ijyb hits you but does no damage.
You barely miss Ijyb.
Ijyb is heavily wounded.
Ijyb hits you but does no damage.
You barely miss Ijyb.
Ijyb is heavily wounded.
You hit Ijyb.
Ijyb is severely wounded.
Ijyb hits you but does no damage.
You closely miss Ijyb.
Ijyb is severely wounded.
Ijyb hits you with a +0 club.
You hit Ijyb.
Ijyb is severely wounded.
Ijyb zaps a wand.
The bolt of dispelling energy misses you.
You barely miss Ijyb.
Ijyb is severely wounded.
Ijyb zaps a wand.
The bolt of dispelling energy hits you!
You barely miss Ijyb.
Ijyb is severely wounded.
Ijyb hits you but does no damage.
You closely miss Ijyb.
Ijyb is severely wounded.
Ijyb hits you with a +0 club.
You hit Ijyb.
Ijyb is severely wounded.
Ijyb zaps a wand.
The bolt of dispelling energy hits you!!
Ouch! That really hurt!
You die...

... #...... #.#.#
#...... #.#.#
#......##.#.# ###.
#.....?.#.#.##... ..
#.......#....#.###.#
#..)...8#..........
#.......#...<..#.#
#.8g@.8.......#
####<.........#..#
#8.........#..#
#.....#....#..#
#####......#..#
##.....#..##
#.#+#.#...### #.#
#.#...... #..
#.....#.#


You could see Ijyb.

Vanquished Creatures
  3 adders
  2 worms
  An orc (D:3)
  5 endoplasms
  4 giant cockroaches (D:1)
  6 goblins
  5 hobgoblins
  8 jackals (D:1)
  2 quokkas
  3 ball pythons (D:1)
  4 bats
  3 frilled lizards (D:1)
  3 kobolds
  9 rats
58 creatures vanquished.

Vanquished Creatures (others)
  A goblin (D:4)
1 creature vanquished.

Grand Total: 59 creatures vanquished

Notes
Turn   | Place    | Note
-------+----------+-------------------------------------------
     0 | D:1      | Maxmaps the Demonspawn Monk began the quest for the Orb.
     0 | D:1      | Reached XP level 1. HP: 18/18 MP: 1/1
   107 | D:1      | Gained mutation: A meltable shield of frost defends you.
                  | (SH +4) [demonic ancestry]
   107 | D:1      | Reached XP level 2. HP: 12/24 MP: 2/2
   411 | D:1      | Reached skill level 1 in Armour
   531 | D:1      | Reached XP level 3. HP: 29/29 MP: 3/3
  1068 | D:2      | Found a snail-covered altar of Cheibriados.
  1170 | D:2      | Found a faded altar of an unknown god.
  1497 | D:3      | Found a snail-covered altar of Cheibriados.
  1569 | D:3      | Found a burning altar of Makhleb.
  1666 | D:3      | Gained mutation: Spells you cast may paralyse adjacent
                  | enemies. [demonic ancestry]
  1666 | D:3      | Reached XP level 4. HP: 35/35 MP: 4/4
  2309 | D:4      | Noticed a centaur
  2309 | D:4      | Noticed a steam dragon
  2309 | D:4      | Found a large runed translucent door.
  2309 | D:4      | Found a large runed translucent door.
  2383 | D:4      | Found Guggih's Book Boutique.
  2392 | D:4      | Noticed Ijyb
  2421 | D:4      | Killed from afar by Ijyb

Illustrated notes

Levels and vault maps discovered:
D:1:      ebering_hopf_link, layout_basic
D:2:      layout_rooms, basic_altar, ebering_ecumenical_altar_mist,
          minmay_tromino_v2
D:3:      layout_basic, mainiacjoe_overflow_cross_hatched,
          mainiacjoe_overflow_tiny_flanked
D:4:      layout_basic, serial_shops, nicolae_shop_bloodbath_and_beyond,
          nicolae_shop_waterfront, shop, nicolae_shop_statue_plus,
          gammafunk_ghost_split, minmay_hollow_rounded_squares,
          uniq_blork_the_orc, uniq_ijyb

Skill      XL: |  1  2  3  4 |
---------------+-------------+-----
Dodging        | 3 |  3.3
Armour         | 1 2 3 |  3.1
Fighting       | |  3.0
Stealth        | |  1.7
Unarmed Combat | |  2.6

Action                     |  1- 3 |  4- 6 || total
---------------------------+-------+-------++-------
  Melee: Unarmed           |   249 |    72 ||   321
         Punch             |     3 |     2 ||     5
    Use: Scroll            |    10 |       ||    10
         Potion            |       |     2 ||     2
 Armour: Robe              |     8 |       ||     8
         Chain mail        |   123 |    35 ||   158
  Dodge: Dodged            |    97 |    17 ||   114
  Block: Other             |    36 |     7 ||    43

Table legend: (Time is in decaauts)
 A = Elapsed time spent in this place.
 B = Non-inter-level travel time spent in this place.
 C = Inter-level travel time spent in this place.
 D = Time resting spent in this place.
 E = Time spent auto-exploring this place.
 F = Levels seen in this place.
 G = Mean time per level.
                   A        B        C        D        E       F      G
               +--------+--------+--------+--------+--------+-----+--------+
         Total |   2404 |   2250 |    154 |      0 |   1653 |   4 |  601.0 |
       Dungeon |   2404 |   2250 |    154 |      0 |   1653 |   4 |  601.0 |
               +--------+--------+--------+--------+--------+-----+--------+

Top non-repeatable levels by time:
     D:1: 867 daAuts
     D:3: 860 daAuts
     D:2: 566 daAuts
     D:4: 110 daAuts
